AoeStats
← MrOizo

MegaRandom

504819501Analyzed
4v4 RM · 26d ago on Sep 6, 2026· 48m 11s· 8 players
Game mode
Random Map
Map size
Large (8 player)
Population
200
Speed
Normal
Resources
Standard
Victory
Conquest
Starting age
Dark Age
Ending age
Imperial Age
RankedLock teamsTeams togetherTeam positionsShared explorationLock speedFull tech treeHidden civsTurbo modeCheats
Victory
Defeat
🇸🇪 Khmer · Sweden
921
+7
🇸🇪 Franks · Sweden
684
+15
🇸🇪 Teutons · Sweden
670
+16
🇸🇪 Bohemians · Sweden
619
+17
🇮🇪 Persians · Ireland
679
-14
🇨🇿 Inca · Czechia
676
-14
🇺🇸 Romans · United States
669
-14
🇹🇷 Spanish · Türkiye
653
-13
DvDCover1028
9:09 Loom
12:40 Feudal Age
14:43 Wheelbarrow
13:54 Town Watch
14:09 Horse Collar
17:02 Forging
17:21 Bloodlines
18:30 Double-Bit Axe
20:23 Scale Barding Armor
24:54 Castle Age
26:21 Hand Cart
26:30 Heavy Plow
27:49 Iron Casting
32:37 Chain Barding Armor
32:18 Gold Mining
36:51 Town Patrol
38:44 Ballistics
38:46 Bow Saw
40:42 Kamandaran
41:58 Fletching
42:08 Padded Archer Armor
41:33 Crossbowman
42:23 Thumb Ring
44:30 Bodkin Arrow
sarkany_CZ
0:51 Loom
10:29 Feudal Age
16:00 Double-Bit Axe
20:37 Castle Age
20:04 Horse Collar
20:16 Fletching
20:27 Padded Archer Armor
23:34 Bow Saw
27:24 Heavy Plow
27:23 Bodkin Arrow
27:45 Leather Archer Armor
27:14 Pikeman
29:17 Andean Sling
29:40 Gold Mining
29:43 Stone Mining
31:00 Wheelbarrow
31:32 Squires
32:32 Gold Shaft Mining
32:30 Town Watch
34:29 Hand Cart
35:02 Forging
34:53 Scale Mail Armor
35:31 Champi Runner
38:48 Imperial Age
40:03 Conscription
39:45 Fabric Shields
40:32 Town Patrol
42:08 Redemption
42:14 Block Printing
42:38 Crop Rotation
Merginator44
1:32 Loom
27:29 Feudal Age
29:06 Horse Collar
34:46 Castle Age
33:56 Forging
34:29 Bloodlines
35:58 Heavy Plow
36:12 Double-Bit Axe
38:45 Wheelbarrow
37:56 Town Watch
38:26 Gold Mining
40:08 Hand Cart
Forsaken__King
4:47 Loom
15:15 Feudal Age
16:13 Man-at-Arms
18:05 Double-Bit Axe
18:08 Horse Collar
27:41 Scale Mail Armor
29:22 Wheelbarrow
30:32 Forging
36:22 Castle Age
36:31 Long Swordsman
37:13 Squires
37:29 Chain Mail Armor
37:51 Iron Casting
38:44 Hand Cart
43:29 Imperial Age
42:30 Fortified Wall
42:41 Ballistics
43:46 Legionary
44:31 Murder Holes
44:47 Masonry
jenjak
0:28 Loom
13:08 Feudal Age
13:53 Double-Bit Axe
24:11 Castle Age
22:16 Scale Mail Armor
22:28 Fletching
22:56 Horse Collar
24:18 Forging
24:24 Pikeman
28:12 Town Watch
29:54 Chemistry
28:32 Elite Skirmisher
42:13 Murder Holes
43:50 Fortified Wall
44:28 Wheelbarrow
Chihiro
14:09 Feudal Age
14:59 Double-Bit Axe
14:56 Horse Collar
16:27 Wheelbarrow
17:51 Stone Mining
23:28 Castle Age
24:37 Hand Cart
26:23 Stone Shaft Mining
28:39 Bow Saw
28:32 Heavy Plow
29:53 Town Watch
30:32 Gold Mining
31:28 Town Patrol
34:17 Fletching
40:53 Imperial Age
39:59 Fortified Wall
39:48 Bodkin Arrow
40:03 Forging
39:54 Scale Mail Armor
39:55 Padded Archer Armor
41:00 Elite Teutonic Knight
42:53 Conscription
44:59 Iron Casting
44:40 Chain Mail Armor
44:40 Leather Archer Armor
45:31 Chemistry
44:29 Cavalier
Brolo
9:53 Feudal Age
12:35 Loom
15:47 Castle Age
17:11 Gold Mining
17:14 Stone Mining
17:05 Horse Collar
22:52 Double-Bit Axe
26:10 Wheelbarrow
27:41 Hand Cart
28:31 Bloodlines
28:21 Husbandry
28:42 Forging
28:37 Scale Barding Armor
27:56 Light Cavalry
30:25 Heavy Plow
34:33 Imperial Age
33:51 Tusk Swords
34:41 Iron Casting
34:27 Chain Barding Armor
34:20 Bow Saw
34:48 Stone Shaft Mining
34:50 Gold Shaft Mining
36:10 Ballistics
37:02 Chemistry
35:27 Hussar
36:41 Elite Battle Elephant
38:24 Heavy Scorpion
41:29 Blast Furnace
41:30 Plate Barding Armor
45:15 Conscription
44:59 Double Crossbow
MrOizo
1:20 Loom
12:02 Feudal Age
16:23 Castle Age
19:57 Husbandry
27:38 Double-Bit Axe
29:27 Squires
28:47 Pikeman
32:26 Arson
38:43 Imperial Age
40:56 Ballistics
41:38 Chemistry
41:45 Bow Saw
42:08 Fletching
42:20 Scale Mail Armor
42:26 Scale Barding Armor
41:47 Cavalier
43:29 Gold Mining
44:40 Chain Barding Armor
44:16 Bodkin Arrow
45:13 Paladin
Connection lost

Rejoining the realm…

Still unreachable

The connection could not be restored.

Session expired

The server has moved on; the page needs a fresh start.